General information
- name: BNet
- type: Ladder team game (AT/RT)
- host: Battle.net
- saver: sc2no.wc4yes
map: Mur'gulOasis
- players: 8
- length: 12:18
- speed: Fast
- version: 1.26 W3XP
- replay type: Public
» download(83 KB)
Players
team 1 (loser)

»
FirstWatch (
purple | 19 APM | 179 actions | 09:23)
1 Demon Hunter
1 Immolation
» actions
| Assign group hotkey | 1 | |
| Build / train | 17 | |
| Enter build submenu | 7 | |
| Enter hero's abilities submenu | 1 | |
| Remove unit from queue | 1 | |
| Right click | 32 | |
| Select / deselect | 91 | |
| Select group hotkey | 10 | |
| Use ability | 19 | |
179 total
» units
» buildings
| Moon Well | 3 | |
| Altar of Elders | 2 | |
| Ancient of War | 2 | |
7 total
» build order
00:20 Moon Well
00:29 Altar of Elders
00:35 Altar of Elders
00:40 Ancient of War
01:23 Moon Well
02:05 Ancient of War
07:28 Moon Well
darrr (
teal | 92 APM | 916 actions | 09:54)
2 Priestess of the Moon
1 Searing Arrows
1 Trueshot Aura
» actions
| Assign group hotkey | 21 | |
| Basic commands | 49 | |
| Build / train | 42 | |
| ESC pressed | 1 | |
| Enter build submenu | 14 | |
| Enter hero's abilities submenu | 2 | |
| Right click | 350 | |
| Select / deselect | 151 | |
| Select group hotkey | 262 | |
| Use ability | 24 | |
916 total
» units
» upgrades
| Improved Bows | 1 | |
| Druid of the Claw Training | 1 | |
2 total
» buildings
| Altar of Elders | 1 | |
| Moon Well | 3 | |
| Ancient of War | 2 | |
| Tree of Ages | 3 | |
| Hunter's Hall | 1 | |
| Ancient of Wonders | 1 | |
| Tree of Eternity | 4 | |
| Ancient of Lore | 3 | |
18 total
» build order
00:18 Altar of Elders
00:30 Moon Well
01:38 Ancient of War
01:50 Moon Well
02:02 Ancient of War
02:31 Moon Well
04:45 Tree of Ages
04:45 Tree of Ages
06:40 Hunter's Hall
07:03 Ancient of Wonders
07:17 Tree of Eternity
07:17 Tree of Eternity
07:18 Tree of Eternity
08:04 Ancient of Lore
08:06 Ancient of Lore
08:07 Ancient of Lore
» items
| Staff of Preservation | 1 | |
| Potion of Healing | 2 | |
3 total
13lade1V1aster. (
red | 85 APM | 1043 actions | 12:16)
2 Blademaster
1 Wind Walk
1 Critical Strike
1 Dark Ranger
1 Black Arrow
» actions
| Assign group hotkey | 1 | |
| Basic commands | 86 | |
| Build / train | 48 | |
| Enter build submenu | 18 | |
| Enter hero's abilities submenu | 3 | |
| Right click | 522 | |
| Select / deselect | 282 | |
| Select group hotkey | 9 | |
| Use ability | 74 | |
1043 total
» units
» upgrades
| Pillage | 1 | |
| Armor | 1 | |
| Melee Weapons | 1 | |
| Witch Doctor Training | 1 | |
4 total
» buildings
| Altar of Storms | 1 | |
| Orc Burrow | 3 | |
| Voodoo Lounge | 2 | |
| Barracks | 1 | |
| War Mill | 1 | |
| Watch Tower | 6 | |
| Stronghold | 1 | |
| Fortress | 1 | |
| Spirit Lodge | 1 | |
17 total
» build order
00:10 Altar of Storms
00:12 Orc Burrow
00:20 Voodoo Lounge
01:24 Orc Burrow
01:51 Barracks
02:26 Orc Burrow
02:34 War Mill
03:48 Voodoo Lounge
04:34 Watch Tower
05:30 Stronghold
05:34 Watch Tower
05:35 Watch Tower
06:40 Watch Tower
08:47 Fortress
08:53 Spirit Lodge
09:39 Watch Tower
11:41 Watch Tower
» items
| Healing Salve | 3 | |
| Lesser Clarity Potion | 3 | |
| Scroll of Speed | 1 | |
| Orb of Lightning | 1 | |
8 total
sawce (
blue | 26 APM | 286 actions | 10:58)
1 Blood Mage
1 Banish
» actions
| Assign group hotkey | 7 | |
| Basic commands | 1 | |
| Build / train | 31 | |
| Enter build submenu | 23 | |
| Enter hero's abilities submenu | 1 | |
| Right click | 47 | |
| Select / deselect | 125 | |
| Select group hotkey | 19 | |
| Use ability | 32 | |
286 total
» units
| Peasant | 10 | |
| Footman | 6 | |
| Gryphon Rider | 3 | |
19 total
» upgrades
| Armor | 2 | |
| Lumber Harvesting | 1 | |
| Storm Hammers | 1 | |
4 total
» buildings
| Altar of Kings | 1 | |
| Farm | 9 | |
| Lumber Mill | 1 | |
| Barracks | 1 | |
| Scout Tower | 4 | |
| Guard Tower | 4 | |
| Keep | 1 | |
| Arcane Vault | 1 | |
| Blacksmith | 1 | |
| Castle | 1 | |
| Gryphon Aviary | 2 | |
26 total
» build order
00:09 Altar of Kings
00:23 Farm
00:55 Lumber Mill
01:01 Farm
01:20 Barracks
01:35 Scout Tower
02:53 Guard Tower
03:02 Farm
03:29 Keep
04:52 Arcane Vault
05:22 Farm
05:26 Farm
05:34 Blacksmith
05:47 Scout Tower
06:07 Castle
06:17 Gryphon Aviary
06:22 Gryphon Aviary
06:34 Guard Tower
06:36 Farm
06:38 Scout Tower
07:42 Guard Tower
07:45 Farm
07:59 Farm
09:12 Scout Tower
09:14 Farm
09:47 Guard Tower
team 2 (winner)
NopeChuckTesta. (
green | 40 APM | 494 actions | 12:17)
4 Goblin Tinker
2 Pocket Factory
2 Engineering Upgrade
» actions
| Assign group hotkey | 7 | |
| Build / train | 30 | |
| Enter build submenu | 12 | |
| Enter hero's abilities submenu | 5 | |
| Right click | 224 | |
| Select / deselect | 102 | |
| Select group hotkey | 87 | |
| Use ability | 27 | |
494 total
» units
| Peon | 10 | |
| Grunt | 1 | |
| Troll Batrider | 7 | |
18 total
» upgrades
| Ranged Weapons | 1 | |
| Armor | 1 | |
| Liquid Fire | 1 | |
3 total
» buildings
| Altar of Storms | 1 | |
| Orc Burrow | 6 | |
| Barracks | 1 | |
| Voodoo Lounge | 1 | |
| Stronghold | 1 | |
| War Mill | 1 | |
| Beastiary | 3 | |
| Fortress | 1 | |
15 total
» build order
00:21 Altar of Storms
00:36 Orc Burrow
00:54 Barracks
01:44 Orc Burrow
02:16 Voodoo Lounge
03:50 Stronghold
03:55 War Mill
06:37 Beastiary
06:39 Beastiary
06:43 Beastiary
07:04 Orc Burrow
07:54 Fortress
07:58 Orc Burrow
07:59 Orc Burrow
09:54 Orc Burrow
» items
| Healing Salve | 1 | |
| Lesser Clarity Potion | 1 | |
2 total

»
sc2no.wc4yes (
yellow | 88 APM | 1084 actions | 12:18)
4 Goblin Tinker
2 Pocket Factory
2 Engineering Upgrade
» actions
| Assign group hotkey | 81 | |
| Basic commands | 60 | |
| Build / train | 44 | |
| ESC pressed | 1 | |
| Enter build submenu | 13 | |
| Enter hero's abilities submenu | 4 | |
| Right click | 427 | |
| Select / deselect | 139 | |
| Select group hotkey | 269 | |
| Use ability | 46 | |
1084 total
» units
» upgrades
| Improved Bows | 1 | |
| Strength of the Moon | 2 | |
3 total
» buildings
| Altar of Elders | 1 | |
| Moon Well | 6 | |
| Ancient of War | 4 | |
| Tree of Ages | 1 | |
| Hunter's Hall | 1 | |
| Tree of Life | 1 | |
| Tree of Eternity | 1 | |
15 total
» build order
00:11 Altar of Elders
00:16 Moon Well
00:33 Ancient of War
02:41 Ancient of War
02:41 Ancient of War
02:43 Moon Well
02:44 Moon Well
03:10 Ancient of War
06:00 Moon Well
06:41 Tree of Ages
07:43 Hunter's Hall
08:13 Tree of Life
10:05 Tree of Eternity
11:45 Moon Well
11:45 Moon Well

»
1WAYTX2NOOBTOWN (
orange | 46 APM | 569 actions | 12:17)
3 Goblin Tinker
2 Pocket Factory
1 Engineering Upgrade
» actions
| Assign group hotkey | 18 | |
| Basic commands | 31 | |
| Build / train | 46 | |
| Enter build submenu | 19 | |
| Enter hero's abilities submenu | 4 | |
| Remove unit from queue | 7 | |
| Right click | 224 | |
| Select / deselect | 126 | |
| Select group hotkey | 56 | |
| Use ability | 38 | |
569 total
» units
| Peasant | 9 | |
| Footman | 2 | |
| Rifleman | 8 | |
19 total
» upgrades
| Gunpowder | 1 | |
| Armor | 1 | |
| Long Rifles | 1 | |
3 total
» buildings
| Barracks | 2 | |
| Altar of Kings | 1 | |
| Farm | 9 | |
| Scout Tower | 4 | |
| Keep | 1 | |
| Blacksmith | 1 | |
| Lumber Mill | 1 | |
| Arcane Vault | 1 | |
| Castle | 1 | |
| Workshop | 1 | |
22 total
» build order
00:32 Barracks
00:40 Altar of Kings
01:04 Farm
01:31 Farm
01:49 Scout Tower
03:05 Farm
03:49 Scout Tower
03:49 Scout Tower
04:43 Keep
04:47 Barracks
04:58 Blacksmith
05:13 Lumber Mill
05:23 Arcane Vault
06:28 Farm
06:44 Farm
07:16 Castle
09:08 Farm
09:09 Farm
09:11 Farm
10:00 Farm
11:56 Workshop
12:02 Scout Tower
» items
| Lesser Clarity Potion | 4 | |
| Scroll of Regeneration | 1 | |
| Ivory Tower | 4 | |
9 total
pppnriot11 (
pink | 47 APM | 573 actions | 12:17)
3 Goblin Tinker
2 Pocket Factory
1 Engineering Upgrade
» actions
| Basic commands | 35 | |
| Build / train | 31 | |
| ESC pressed | 1 | |
| Enter build submenu | 12 | |
| Enter hero's abilities submenu | 3 | |
| Right click | 328 | |
| Select / deselect | 131 | |
| Use ability | 32 | |
573 total
» units
» upgrades
| Ultravision | 1 | |
| Well Spring | 1 | |
| Strength of the Wild | 2 | |
| Reinforced Hides | 1 | |
| Hardened Skin | 1 | |
| Resistant Skin | 1 | |
7 total
» buildings
| Moon Well | 8 | |
| Altar of Elders | 1 | |
| Tree of Ages | 1 | |
| Hunter's Hall | 1 | |
| Tree of Eternity | 1 | |
| Ancient of Lore | 2 | |
| Ancient of Wonders | 1 | |
| Ancient Protector | 1 | |
16 total
» build order
00:24 Moon Well
00:34 Altar of Elders
01:43 Moon Well
05:11 Tree of Ages
05:50 Hunter's Hall
06:00 Moon Well
06:01 Moon Well
07:35 Tree of Eternity
07:44 Ancient of Lore
07:49 Ancient of Lore
07:54 Ancient of Wonders
07:58 Ancient Protector
08:04 Moon Well
08:05 Moon Well
09:59 Moon Well
10:01 Moon Well
» items
| Scroll of Town Portal | 1 | |
| Staff of Preservation | 1 | |
| Potion of Healing | 1 | |
3 total
Chat log
(00:09 / Allies) 1WAYTX2NOOBTOWN: sup
(00:13 / Allies) NopeChuckTesta.: holler
(00:46 / Allies) NopeChuckTesta.: plan?
(00:50 / Allies) 1WAYTX2NOOBTOWN: kill all noob
(00:54 / Allies) sc2no.wc4yes: lets all harawsss here
(00:55 / All) pppnriot11: Fire Aura - Kid2Will
(01:04 / Allies) sc2no.wc4yes: u guys want to all tinker or all panda?
(01:08 / Allies) sc2no.wc4yes: it could be zany fun
(01:11 / Allies) NopeChuckTesta.: lol
(01:12 / Allies) NopeChuckTesta.: all tinker
(01:13 / Allies) 1WAYTX2NOOBTOWN: all tinker
(01:16 / Allies) sc2no.wc4yes: k
(01:17 / Allies) sc2no.wc4yes: ill share
(01:19 / Allies) NopeChuckTesta.: deal
(01:19 / Allies) sc2no.wc4yes: at the tavern house
(01:20 / Allies) 1WAYTX2NOOBTOWN: yes
(01:40 / Allies) NopeChuckTesta.: let's rush with our tinkers
(01:44 / Allies) 1WAYTX2NOOBTOWN: yes
(01:57 / Allies) 1WAYTX2NOOBTOWN: can all buy tinker?
(01:59 / Allies) 1WAYTX2NOOBTOWN: or only one
(02:00 / Allies) NopeChuckTesta.: this is epic
(02:08 / Allies) NopeChuckTesta.: ohhh, not sure
(02:18 / Allies) 1WAYTX2NOOBTOWN: yes
(02:21 / Allies) 1WAYTX2NOOBTOWN: o god yes
(02:29 / Allies) NopeChuckTesta.: gogogo
(02:38 / Allies) NopeChuckTesta.: factory's ready??
(02:43 / Allies) 1WAYTX2NOOBTOWN: yeah baby
(03:17 / Allies) 1WAYTX2NOOBTOWN: this is awesome
(03:20 / All) NopeChuckTesta.: TINKERRUSH
(03:35 / Allies) NopeChuckTesta.: another factory
(03:36 / Allies) NopeChuckTesta.: gogo
(04:12 / Allies) 1WAYTX2NOOBTOWN: another factory
(04:12 / Allies) sc2no.wc4yes: great teamwork
(04:13 / Allies) sc2no.wc4yes: :)
(04:14 / Allies) NopeChuckTesta.: more factories
(04:15 / Allies) NopeChuckTesta.: gogo
(04:25 / Allies) NopeChuckTesta.: i'm b
(04:51 / Allies) 1WAYTX2NOOBTOWN: shit
(04:52 / Allies) NopeChuckTesta.: omw back
(04:54 / Allies) 1WAYTX2NOOBTOWN: went back to base, lost track
(05:13 / Allies) NopeChuckTesta.: bats
(05:21 / Allies) NopeChuckTesta.: get main
(05:32 / Allies) 1WAYTX2NOOBTOWN: omg
(05:33 / Allies) 1WAYTX2NOOBTOWN: those noob
(05:40 / Allies) 1WAYTX2NOOBTOWN: omw soon
(05:43 / All) sc2no.wc4yes: how are you freezing my hero
(05:58 / Allies) 1WAYTX2NOOBTOWN: tower
(06:33 / Allies) 1WAYTX2NOOBTOWN: omw
(07:11 / Allies) sc2no.wc4yes: dont forget to manage base
(07:20 / Allies) sc2no.wc4yes: we cant win with 1500 gold unspent each
(07:25 / Allies) 1WAYTX2NOOBTOWN: yes
(07:27 / Allies) NopeChuckTesta.: sure we can
(07:27 / Allies) 1WAYTX2NOOBTOWN: you're right
(07:38 / Allies) sc2no.wc4yes: meet
(08:20 / Allies) NopeChuckTesta.: hahaha
(08:21 / Allies) NopeChuckTesta.: best game ever
(08:28 / Allies) 1WAYTX2NOOBTOWN: lololol
(08:29 / Allies) 1WAYTX2NOOBTOWN: yeah
(09:29 / All) 1WAYTX2NOOBTOWN: gg tiner rush
(10:24 / All) 1WAYTX2NOOBTOWN: all noob die
(10:28 / All) sc2no.wc4yes: micro ur heart out
(10:32 / All) sc2no.wc4yes: u cant beat my attack move
(11:03 / All) 1WAYTX2NOOBTOWN: rofl noob
(11:05 / All) 13lade1V1aster.: U KIDS R TRASH
(11:06 / All) 13lade1V1aster.: LOL
(11:07 / Allies) NopeChuckTesta.: lol
(11:09 / All) 13lade1V1aster.: MASS MORE ACT
(11:15 / All) 1WAYTX2NOOBTOWN: red
(11:15 / All) NopeChuckTesta.: huh?
(11:17 / All) 1WAYTX2NOOBTOWN: all noob die
(11:20 / All) sc2no.wc4yes: team work # 1
(12:13 / Allies) sc2no.wc4yes: heros dead
(12:14 / All) 13lade1V1aster.: ALL OF U R TRASH LMFAO
(12:14 / Allies) sc2no.wc4yes: now he leaves